 Dungeon Crawl Stone Soup version 0.24.0-1-gfbc8707122 (webtiles) character file.

Game seed: 2687965558987781142, levelgen mode: deterministic

86 Esekla the Conjurer (level 4, -1/37 HPs)
             Began as a Deep Dwarf Conjurer on Oct 28, 2019.
             Slain by a crimson imp
             ... wielding a +0 mace
              (2 damage)
             ... on level 2 of the Dungeon.
             The game lasted 00:10:16 (1127 turns).

Esekla the Conjurer (Deep Dwarf Conjurer)           Turns: 1127, Time: 00:10:16

Health: -1/37      AC:  2    Str: 12    XL:     4   Next: 27%
Magic:  3/3        EV: 13    Int: 16    God:
Gold:   124        SH:  0    Dex: 15    Spells: 5/8 levels left

rFire    . . .     SeeInvis .   b - +0 short sword
rCold    . . .     Gourm    .   (no shield)
rNeg     . . .     Faith    .   a - +0 robe
rPois    .         Spirit   .   (no helmet)
rElec    .         Reflect  .   (no cloak)
rCorr    .         Harm     .   (no gloves)
MR       .....                  (no boots)
Stlth    ++........             (no amulet)
HPRegen  0.00/turn              h - +2 ring of dexterity
MPRegen  0.08/turn              (no ring)

@: non-regenerating
A: damage resistance, heal wounds, sense surroundings 1, no regeneration
a: Heal Wounds


You were on level 2 of the Dungeon.
You were hungry.

You visited 1 branch of the dungeon, and saw 3 of its levels.

You collected 124 gold pieces.

Inventory:

Hand Weapons
 b - a +0 short sword (weapon)
Missiles
 k - 12 poisoned darts (quivered)
Armour
 a - a +0 robe (worn)
 f - a cursed +0 buckler
Jewellery
 h - a +2 ring of dexterity (left hand)
Scrolls
 d - a scroll of amnesia {unknown}
 j - a scroll of teleportation {unknown}
Potions
 e - a potion of curing
 i - a potion of brilliance {unknown}
 l - a potion of might {unknown}
Comestibles
 c - 4 rations


   Skills:
 + Level 0.4 Fighting
 + Level 0.6 Short Blades
 + Level 2.8 Dodging
 + Level 2.6 Stealth
 * Level 2.5 Spellcasting
 + Level 4.3 Conjurations


You had 5 spell levels left.
You knew the following spells:

 Your Spells              Type           Power        Failure   Level  Hunger
a - Magic Dart            Conj           ###.         3%          1    #......
e - Searing Ray           Conj           ###...       4%          2    ##.....

Your spell library contained the following spells:

 Spells                   Type           Power        Failure   Level  Hunger
 Dazzling Spray           Conj/Hex       #.....       24%         3    ###....
 Iskenderun's Mystic Bla  Conj           ###.....     32%         4    #####..
 Force Lance              Conj/Tloc      #.......     63%         4    #####..
 Fulminant Prism          Conj/Hex       #.........   63%         4    #####..


Dungeon Overview and Level Annotations

Branches:
Dungeon (3/15)

Altars:


Innate Abilities, Weirdness & Mutations

You are resistant to damage.
You can heal yourself by infusing magical energy.
You passively map a small area around you.
You do not regenerate.


Message History

The crimson imp is moderately wounded.
The crimson imp hits you with a +0 mace!
* * * LOW HITPOINT WARNING * * *
You miss the crimson imp.
The crimson imp is moderately wounded.
The crimson imp closely misses you.
You hit the crimson imp.
The crimson imp is heavily wounded.
The crimson imp closely misses you.
You miss the crimson imp.
The crimson imp is heavily wounded.
The crimson imp hits you but does no damage.
You closely miss the crimson imp.
The crimson imp is moderately wounded.
The crimson imp hits you with a +0 mace.
* * * LOW HITPOINT WARNING * * *
You barely miss the crimson imp.
The crimson imp is moderately wounded.
The crimson imp hits you with a +0 mace.
You die...

... .., ############## # .#*
##.....##.....# .##* ###.#
##.............. ....###...
#...............
#........#########...............
***#.............................
##..).........5............... *
#.#####.....@.........<......
..... #......................
.... #...................... ...,
#..............##...... ..., ,,*
*#.......>.#.#####...... ...
..##.........#.# #...... ### ,*
#........#.....#####...... ..
.......................... .#
.....##.........##.##......


You could see a crimson imp.

Vanquished Creatures
  4 adders
  2 dart slugs (D:1)
  3 leopard geckos
  3 orcs (D:3)
  3 goblins (D:2)
  4 hobgoblins (D:1)
  4 jackals (D:3)
  A quokka (D:2)
  6 bats
  A frilled lizard (D:3)
  4 kobolds
  9 rats
44 creatures vanquished.

Notes
Turn   | Place    | Note
-------+----------+-------------------------------------------
     0 | D:1      | Esekla the Deep Dwarf Conjurer began the quest for the Orb.
     0 | D:1      | Reached XP level 1. HP: 15/15 MP: 3/3
   174 | D:1      | Reached XP level 2. HP: 19/22 MP: 3/5
   223 | D:1      | Reached skill level 4 in Conjurations
   255 | D:2      | Noticed a crimson imp
   271 | D:1      | Learned a level 2 spell: Searing Ray
   738 | D:3      | Reached XP level 3. HP: 19/28 MP: 1/4
   927 | D:2      | Reached XP level 4. HP: 25/36 MP: 3/3
  1126 | D:2      | HP: 1/37 [crimson imp/+0 mace (2)]
  1127 | D:2      | Slain by a crimson imp

Levels and vault maps discovered:
D:1:      wander_arrival_chamber, layout_basic
D:2:      layout_rooms
D:3:      kennysheep_big_flooded_room, layout_basic, gammafunk_ghost_necromancy

Skill      XL: |  1  2 |
---------------+-------+-----
Spellcasting   | 2 |  2.5
Conjurations   | 4 |  4.3
Fighting       | |  0.4
Short Blades   | |  0.6
Dodging        | |  2.8
Stealth        | |  2.6

Action                   |  1- 3 |  4- 6 || total
-------------------------+-------+-------++-------
Melee: Short sword       |   165 |    71 ||   236
 Cast: Magic Dart        |    21 |     2 ||    23
       Searing Ray       |     2 |       ||     2
 Abil: Heal Wounds       |     5 |     1 ||     6
  Use: Scroll            |     2 |       ||     2
       Potion            |       |     1 ||     1
 Stab: Sleeping          |     3 |       ||     3
  Eat: Chunk             |       |     1 ||     1
Armor: Robe              |    24 |     6 ||    30
Dodge: Dodged            |   152 |    36 ||   188
